 Dungeon Crawl Stone Soup version 0.30-a0-782-ge64f9170bb (webtiles) character file.

Game seed: 524040271540606647

1431 Dirian the Cleaver (level 8, -1/70 HPs)
             Began as a Minotaur Fighter on Mar 7, 2023.
             Was an Initiate of Makhleb.
             Slain by a gnoll
             ... wielding a +0 spear
             ... led by a gnoll sergeant
              (3 damage)
             ... on level 6 of the Dungeon.
             The game lasted 00:08:23 (4620 turns).

Dirian the Cleaver (Minotaur Fighter)               Turns: 4620, Time: 00:08:24

Health: -1/70      AC: 12    Str: 29    XL:     8   Next: 45%
Magic:  8/8        EV:  8    Int:  5    God:    Makhleb [......]
Gold:   394        SH:  6    Dex: 10    Spells: 7/7 levels left

rFire   . . .      SeeInvis .    a - +0 war axe (heavy)
rCold   . . .      Faith    .    c - +1 buckler
rNeg    . . .      Spirit   .    i - +1 chain mail {Will+}
rPois   .          Reflect  .    (helmet restricted)
rElec   .          Harm     .    (no cloak)
rCorr   .          Rampage  .    (no gloves)
Will    ++...                    o - +0 pair of boots Stlth
                                 (no amulet)
HPRegen 0.31/turn                j - ring of willpower
MPRegen 0.11/turn                f - +6 ring of strength

@: no status effects
A: horns 2, retaliatory headbutt
a: Renounce Religion


You were on level 6 of the Dungeon.
You worshipped Makhleb.
Makhleb was noncommittal.
You visited 2 branches of the dungeon, and saw 7 of its levels.

You collected 394 gold pieces.

Inventory:

Hand Weapons
 a - a +0 heavy war axe (weapon)
Armour
 c - a +1 buckler (worn)
 i - a +1 chain mail of willpower (worn)
 o - a +0 pair of boots (worn)
Jewellery
 f - a +6 ring of strength (right hand)
 g - a ring of protection from cold
 j - a ring of willpower (left hand)
 p - a ring of positive energy
Wands
 s - a wand of mindburst (9)
Scrolls
 b - a scroll of enchant armour
 l - a scroll of butterflies
 m - a scroll of magic mapping
 t - a scroll of teleportation
Potions
 d - 2 potions of might
 e - a potion of brilliance {unknown}
 h - 2 potions of haste
 k - a potion of mutation {unknown}
 n - 3 potions of flight {unknown}
 q - 4 potions of curing
 r - 2 potions of degeneration {unknown}
 u - a potion of lignification {unknown}
 w - 3 potions of heal wounds


   Skills:
 + Level 6.0 Fighting
 + Level 8.8 Axes
 + Level 7.1 Armour
 + Level 5.3 Shields
 * Level 1.5 Invocations
 * Level 1.2 Evocations


You had 7 spell levels left.
You didn't know any spells.
Your spell library contained the following spells:

 Spells                   Type           Power      Damage    Failure   Level
 Kiss of Death            Conj/Necr      0%         2d5       97%         1
 Confusing Touch          Hex            0%         N/A       100%        3
 Cause Fear               Hex            0%         N/A       100%        4
 Dispel Undead            Necr           0%         3d6       100%        4
 Dragon Form              Tmut           0%         N/A       100%        7
 Dragon's Call            Summ           0%         N/A       100%        9


Dungeon Overview and Level Annotations

Branches:
Dungeon (6/15) Zot: 26710  Temple (1/1) D:5 Zot: 5910

Altars:
Cheibriados
Dithmenos
Fedhas
Gozag
Hepliaklqana
Kikubaaqudgha
Makhleb
Nemelex Xobeh
Okawaru
Qazlal
Ru
Sif Muna
Uskayaw
Wu Jian
Xom
Yredelemnul
Zin
The Shining One


Innate Abilities, Weirdness & Mutations

You have a pair of horns on your head.
You reflexively headbutt those who attack you in melee.


Message History

The scorpion stings you but does no damage.
The gnoll sergeant hits you from afar with a +0 spear.
The scorpion misses you.
The gnoll sergeant hits you from afar with a +0 spear.
You slash the scorpion!
You kill the scorpion!
Makhleb accepts your kill.
You feel sick.
You are no longer poisoned.
You block the gnoll sergeant's attack. The gnoll hits you but does no damage.
The gnoll sergeant hits you but does no damage.
You slash the gnoll sergeant!
The gnoll sergeant is moderately wounded.
The gnoll hits you but does no damage.
The gnoll sergeant hits you with a +0 spear.
You block the gnoll's attack. You block the gnoll sergeant's attack.
You hit the gnoll sergeant.
Your headbutt misses the gnoll sergeant.
The gnoll sergeant is heavily wounded.
You block the gnoll's attack.
The gnoll sergeant hits you with a +0 spear.
* * * LOW HITPOINT WARNING * * *
The gnoll hits you from afar with a +0 spear.
* * * LOW HITPOINT WARNING * * *
The gnoll sergeant hits you with a +0 spear!
* * * LOW HITPOINT WARNING * * *
You completely miss the gnoll sergeant.
You headbutt the gnoll sergeant, but do no damage.
The gnoll sergeant is heavily wounded.
You block the gnoll's attack.
The gnoll sergeant hits you with a +0 spear.
* * * LOW HITPOINT WARNING * * *
You slice the gnoll sergeant!!
You kill the gnoll sergeant!
Makhleb accepts your kill. The gnoll barely misses you.
The gnoll closely misses you. You furiously retaliate!
You headbutt the gnoll.
The gnoll hits you from afar with a +0 spear.
You die...

#. .. . #. .#.#
#. ##.#.# #g
##....## #g
#......# #.
##......#
#)###....#..#
#gg@..#)....###
#####............
##.####.###.. #.#
#.# #.. .. #.#
#.# #.##.# ##.##
#.# #.##[#
##.#.###.# #.....
##.###.##.#
#.##.# #.##
##...###.##.#


You could see 2 gnolls.

Vanquished Creatures
  Edmund (D:5)
  2 ogres
  2 phantoms
  A gnoll sergeant (D:6)
  5 scorpions
  A necrophage (D:5)
  A jelly (D:3)
  3 hounds
  3 orc priests (D:4)
  Jessica (D:2)
  3 iguanas
  Natasha (thrice) (D:3)
  5 gnolls
  9 adders
  A shadow imp (D:5)
  3 worms
  3 dart slugs
  12 orcs
  7 endoplasms
  A giant cockroach (D:1)
  7 goblins
  13 hobgoblins
  11 jackals
  6 quokkas
  9 ball pythons
  4 bats
  3 frilled lizards
  8 kobolds
  4 rats
132 creatures vanquished.

Notes
Turn   | Place    | Note
-------+----------+-------------------------------------------
     0 | D:1      | Dirian the Minotaur Fighter began the quest for the Orb.
     0 | D:1      | Reached XP level 1. HP: 19/19 MP: 0/0
    48 | D:1      | Reached XP level 2. HP: 21/27 MP: 1/1
   232 | D:1      | You fall into a shaft and drop 1 floor!
   263 | D:2      | Reached XP level 3. HP: 33/33 MP: 2/2
   282 | D:2      | Reached skill level 3 in Axes
   813 | D:2      | Reached XP level 4. HP: 40/40 MP: 3/3
   972 | D:2      | Reached skill level 4 in Axes
  1286 | D:2      | Noticed Jessica
  1293 | D:2      | Killed Jessica
  1602 | D:3      | Reached XP level 5. HP: 47/47 MP: 4/4
  1688 | D:3      | Noticed Natasha
  1691 | D:3      | Killed Natasha
  1717 | D:3      | Found a shadowy altar of Dithmenos.
  1729 | D:3      | Noticed Natasha
  1739 | D:3      | Killed Natasha
  1740 | D:3      | Reached skill level 5 in Axes
  1879 | D:3      | Noticed Natasha
  1885 | D:3      | Killed Natasha
  2071 | D:3      | Reached skill level 5 in Armour
  2071 | D:3      | Reached XP level 6. HP: 44/55 MP: 5/5
  2136 | D:3      | Found a faded altar of an unknown god.
  2538 | D:4      | Found a blossoming altar of Fedhas.
  2546 | D:4      | Reached skill level 5 in Fighting
  2546 | D:4      | Reached skill level 6 in Axes
  2905 | D:4      | Reached XP level 7. HP: 16/61 MP: 6/6
  3066 | D:4      | Found an ornate altar of the Wu Jian Council.
  3250 | D:4      | Found a stormy altar of Qazlal.
  3490 | D:4      | Reached skill level 7 in Axes
  3645 | D:5      | Entered Level 5 of the Dungeon
  3680 | D:5      | Reached skill level 5 in Shields
  3705 | D:5      | Found a staircase to the Ecumenical Temple.
  3714 | Temple   | Entered the Ecumenical Temple
  3766 | Temple   | Became a worshipper of Makhleb the Destroyer
  3981 | D:5      | Noticed Edmund
  3993 | D:5      | Killed Edmund
  3994 | D:5      | Reached skill level 8 in Axes
  3994 | D:5      | Reached XP level 8. HP: 44/70 MP: 7/7
  4488 | D:6      | Reached skill level 1 in Invocations
  4488 | D:6      | Reached skill level 1 in Evocations
  4619 | D:6      | HP: 1/70 [gnoll sergeant/+0 spear (6)]
  4620 | D:6      | Slain by a gnoll

Illustrated notes

Levels and vault maps discovered:
D:1:      mrwooster_arrival_statue_2, layout_rooms, serial_corexii_hall,
          chequers_hall_statues_corner_a, chequers_hall_statues_y,
          corexii_hall_statues_s, corexii_hall_statues_i, minmay_cut_off
D:2:      layout_loops_ring, chequers_serial_rivers_small_a, minmay_cupped,
          uniq_jessica
D:3:      layout_basic, grunt_dithmenos_smoke_and_mirrors,
          shapermc_ecumenical_altar_petra, minivault_25, uniq_natasha
D:4:      layout_basic, fedhas_altar_2, nicolae_wu_jian_wuxing_cycle,
          nicolae_qazlal_scattered_showers
D:5:      layout_rooms, minmay_temple_entry_arrows, uniq_edmund
D:6:      layout_loops_ring, biasface_ghost_orc_armoury
Temple:   nicolae_temple_great_sept

Skill      XL: |  1  2  3  4  5  6  7  8 |
---------------+-------------------------+-----
Fighting       | 4 5 6 |  6.0
Armour         | 4 5 6 7 |  7.1
Shields        | 4 5 |  5.3
Axes           | 3 4 5 6 8 |  8.8
Invocations    | 1 |  1.5
Evocations     | 1 |  1.2

Action                     |  1- 3 |  4- 6 |  7- 9 || total
---------------------------+-------+-------+-------++-------
  Melee: War axe           |   103 |   130 |   101 ||   334
         Headbutt          |    12 |    21 |    19 ||    52
    Use: Scroll            |     5 |     5 |     4 ||    14
 Armour: Scale mail        |    46 |       |       ||    46
         Chain mail        |     1 |    59 |    50 ||   110
  Dodge: Dodged            |    43 |    45 |    33 ||   121
  Block: Buckler           |    23 |    24 |    32 ||    79

Table legend: (Time is in decaauts)
 A = Elapsed time spent in this place.
 B = Non-inter-level travel time spent in this place.
 C = Inter-level travel time spent in this place.
 D = Time resting spent in this place.
 E = Time spent auto-exploring this place.
 F = Levels seen in this place.
 G = Mean time per level.
                   A        B        C        D        E       F      G
               +--------+--------+--------+--------+--------+-----+--------+
         Total |   4721 |   4473 |    248 |     95 |   3475 |   7 |  674.4 |
       Dungeon |   4632 |   4396 |    236 |     95 |   3411 |   6 |  772.0 |
        Temple |     89 |     77 |     12 |      0 |     64 |   1 |   89.0 |
               +--------+--------+--------+--------+--------+-----+--------+

Top non-repeatable levels by time:
     D:4: 1167 daAuts
     D:3: 1024 daAuts
     D:2: 840 daAuts
     D:1: 696 daAuts
     D:5: 615 daAuts
     D:6: 288 daAuts
  Temple: 89 daAuts
